 Dungeon Crawl Stone Soup version 0.30.1-11-g7821555f0a (webtiles) character file.

Game seed: 18229347624578159517

2 cdecastro the Grave Robber (level 1, 0/13 HPs)
             Began as a Demonspawn Necromancer on Dec 20, 2023.
             Was an Initiate of Gozag.
             Slain by a kobold
             ... wielding a +0 dagger
              (3 damage)
             ... on level 1 of the Dungeon.
             The game lasted 00:00:56 (142 turns).

cdecastro the Grave Robber (Demonspawn Necromancer)  Turns: 142, Time: 00:00:56

Health: 0/13       AC:  2    Str:  8    XL:     1   Next: 33%
Magic:  3/3        EV: 12    Int: 16    God:    Gozag
Gold:   26         SH:  0    Dex: 13    Spells: 3/4 levels left

rFire   . . .        e - +0 trident
rCold   . . .        (no shield)
rNeg    . . .        a - +0 robe
rPois   .            (no helmet)
rElec   .            (no cloak)
rCorr   .            (no gloves)
SInv    .            (no boots)
Will    .....        (no amulet)
Stlth   ++           (no ring)
HPRegen 0.22/turn    (no ring)
MPRegen 0.08/turn

%: no passive effects
@: gold aura
A: no striking features
a: Renounce Religion, Potion Petition, Call Merchant, Bribe Branch


You were on level 1 of the Dungeon.
You worshipped Gozag.
Gozag was noncommittal.
You visited 1 branch of the dungeon, and saw 1 of its levels.

You collected 26 gold pieces.

Inventory:

Hand Weapons
 e - a +0 trident (weapon)
Missiles
 c - 3 javelins
Armour
 a - a +0 robe (worn)
Scrolls
 d - a scroll of immolation
Potions
 b - a potion of magic


   Skills:
 - Level 1.7 Dodging
 - Level 1.7 Stealth
 - Level 2.0 Spellcasting
 + Level 4.5 Necromancy


You had 3 spell levels left.
You knew the following spells:

 Your Spells              Type           Power      Damage    Failure   Level
a - Necrotise             Necr           64%        1d7       3%          1

Your spell library contained the following spells:

 Spells                   Type           Power      Damage    Failure   Level
 Vampiric Draining        Necr           16%        2d7       10%         3
 Agony                    Necr           16%        N/A       65%         5
 Animate Dead             Necr           Unusable   N/A       N/A         4

Dungeon Overview and Level Annotations

Branches:
Dungeon (1/15)

Altars:
Gozag


Message History

You kill the goblin!
No target in view!
No target in view!
Things that are here:
a +0 dagger; a goblin corpse You now have 26 gold pieces (gained 14).
There is a faded altar of an unknown god here.
An endoplasm is nearby!
An endoplasm is nearby!
There is a faded altar of an unknown god here.
This altar belongs to (a) Gozag, (b) Ashenzari or (c) Lugonu, but you can't tell which.
Press the corresponding letter to learn more about a god, or press enter to convert or escape to cancel.
Gozag accepts your prayer! Gozag welcomes you!
Gozag waives the service fee.
No target in view!
No target in view!
No target in view!
The endoplasm quivers.
Found a trident.
You see here a glowing cyan potion.
You hit the endoplasm.
The endoplasm is almost dead.
The endoplasm closely misses you.
You hit the endoplasm.
You kill the endoplasm!
Things that are here:
5 gold pieces; a glowing cyan potion The kobold barely misses you.
You miss the kobold.
The kobold hits you with a +0 dagger. x2
You closely miss the kobold. The kobold hits you with a +0 dagger.
You barely miss the kobold. The kobold hits you with a +0 dagger.
* * * LOW HITPOINT WARNING * * *
You hit the kobold but do no damage. The kobold hits you with a +0 dagger.
* * * LOW HITPOINT WARNING * * *
You barely miss the kobold. The kobold closely misses you. x2
You barely miss the kobold. The kobold hits you with a +0 dagger.
* * * LOW HITPOINT WARNING * * *
You closely miss the kobold. The kobold hits you with a +0 dagger.
You die...
Your body crumbles into a pile of gold.

#.# #.# ## #.### #..
.#####...# #.#
.......#.###.######$
####..............#
#...##.......#...#
##............#...#
).........#.......#
####.#........##@.#.#
#.#........#$.K..#
###..#..._....+.)###
#.........#..#...#
#.#.......#......#
...#.#............#
## #...#.###.....##
#..#.......#..#
#.............#


You could see a kobold.

Vanquished Creatures
  An endoplasm (D:1)
  A goblin (D:1)
2 creatures vanquished.

Notes
Turn   | Place    | Note
-------+----------+-------------------------------------------
     0 | D:1      | cdecastro the Demonspawn Necromancer began the quest for
                  | the Orb.
     0 | D:1      | Reached XP level 1. HP: 13/13 MP: 3/3
    50 | D:1      | Found a faded altar of an unknown god.
   125 | D:1      | Prayed at the altar of an unknown god.
   125 | D:1      | Became a worshipper of Gozag Ym Sagoz the Greedy
   142 | D:1      | Slain by a kobold

Illustrated notes

Levels and vault maps discovered:
D:1:      mrwooster_arrival_statue, layout_loops_ring,
          hellmonk_ecumenical_altar_blasted, serial_shops, nicolae_shop_crystal,
          minmay_misc_feat_secret_circle

Action                     || total
---------------------------++-------
  Melee: Trident           ||    11
  Dodge: Dodged            ||     4
